 Dungeon Crawl Stone Soup version 0.23-a0-701-gd76f34b (console) character file.

203 bli the Skirmisher (level 6, -2/49 HPs)
             Began as a Formicid Abyssal Knight on Jan 12, 2019.
             Was a Believer of Lugonu.
             Slain by an orc priest
             ... wielding a +0 dagger
              (6 damage)
             ... on level 4 of the Dungeon.
             The game lasted 00:13:49 (3972 turns).

bli the Skirmisher (Formicid Abyssal Knight)        Turns: 3972, Time: 00:13:50

Health: -2/49      AC:  9    Str: 17    XL:     6   Next: 8%
Magic:  7/7        EV: 10    Int: 12    God:    Lugonu [**....]
Gold:   31         SH:  0    Dex: 11    Spells: 5/5 levels left

rFire    . . .     SeeInvis +   u - +0 spear (curse)
rCold    . . .     Gourm    .   (no shield)
rNeg     . . .     Faith    .   g - +0 ring mail
rPois    .         Spirit   .   (helmet unavailable)
rElec    .         Reflect  .   (no cloak)
rCorr    .         Harm     .   (no gloves)
MR       +....                  (no boots)
Stlth    +.........             (no amulet)
HPRegen  0.16/turn              e - ring of protection from magic
MPRegen  0.10/turn              z - +3 ring of protection

@: lethally poisoned (-2 -> -5)
A: permanent stasis, dig shafts and tunnels, four strong arms, antennae 3
a: Dig, Shaft Self, Depart the Abyss, Bend Space, Renounce Religion


You were on level 4 of the Dungeon.
You worshipped Lugonu.
Lugonu was pleased with you.
You were hungry.

You visited 1 branch of the dungeon, and saw 4 of its levels.
You visited the Abyss 1 time.

You collected 143 gold pieces.
You spent 112 gold pieces at shops.

Inventory:

Hand Weapons
 a - a +1 hand axe
 u - a cursed +0 spear (weapon)
 v - a +0 hunting sling
 w - a +0 flail
 y - a +0 mace
Missiles
 k - 23 poisoned needles
 n - 30 sling bullets
 p - 112 stones (quivered)
Armour
 b - a +0 leather armour
 d - a +0 scale mail
 g - a +0 ring mail (worn)
 o - a +0 ring mail
 B - a +0 large shield
Jewellery
 e - a ring of protection from magic (left hand)
 z - a +3 ring of protection (right hand)
Wands
 f - a wand of acid (8)
Scrolls
 h - a scroll of enchant armour {unknown}
 i - 4 scrolls of identify {unknown}
 j - 2 scrolls of amnesia {unknown}
 l - a scroll of random uselessness {unknown}
 m - 3 scrolls of teleportation {unknown}
 r - a scroll of blinking {unknown}
Potions
 q - a potion of brilliance {unknown}
 s - 2 potions of heal wounds
 t - a potion of flight {unknown}
 x - 2 potions of haste {unknown}
 A - a potion of curing
Comestibles
 c - 7 rations


   Skills:
 + Level 4.6 Fighting
 + Level 3.5 Axes
 * Level 4.4 Armour
 - Level 1.0 Dodging
 - Level 2.1 Invocations


You had 5 spell levels left.
You didn't know any spells.
Your spell library was empty.

Dungeon Overview and Level Annotations

Branches:
Dungeon (4/15)
 Temple: D:4-7

Altars:
Kikubaaqudgha
Xom
Zin

Shops:
D:4 !

Annotations:
D:2 1 runed door


Innate Abilities, Weirdness & Mutations

You cannot be hasted, slowed, berserked, paralysed or teleported.
You can dig through walls and to a lower floor.
Your four strong arms can wield two-handed weapons with a shield.
You have a pair of large antennae on your head. (SInv)


Message History

You fail to use your ability.
The worker ant bites you.
* * * LOW HITPOINT WARNING * * *
You are poisoned.
The worker ant poisons you!
The orc wizard hits you but does no damage.
The orc priest hits you but does no damage.
You hit the orc priest but do no damage.
The orc priest is heavily wounded.
You feel sick.
The worker ant bites you but does no damage.
The orc wizard casts a spell.
The orc wizard blinks!
The orc priest hits you but does no damage.
The worker ant bites you.
* * * LOW HITPOINT WARNING * * *
You closely miss the orc priest.
The orc priest is heavily wounded.
The worker ant barely misses you.
The orc priest hits you with a +0 dagger.
You die...

#.###...# #....... #.#
###.#####....... #.#
#..##......... #.#
##....##...... ###
#...###...... ##
##..##....... #.
#.#.........
#.########...........
#................##.
##................##.
##..ยง@..o..........##.
#..#oa.....#####...##.
#. #..####..# ##.....
#.## #..# ##.... ...
#..# ##... ##.. ##.#
#.... #.. #.. #.... #..
...# #.... #.. ......
#.. ...... ......


You could see a worker ant, an orc priest and an orc wizard.

Vanquished Creatures
  A crimson imp (D:4)
  2 orc wizards (D:3)
  6 adders
  A worm (D:2)
  A leopard gecko (D:1)
  3 orcs
  2 bats (D:1)
  3 giant cockroaches (D:2)
  9 hobgoblins
  9 jackals
  A ball python (D:1)
  4 frilled lizards
  4 goblins
  6 kobolds
  A quokka skeleton (D:2)
  6 rats
  A fungus (D:2)
60 creatures vanquished.

Notes
Turn   | Place    | Note
-------+----------+-------------------------------------------
     0 | Abyss:1  | bli the Formicid Abyssal Knight began the quest for the
                  | Orb.
     0 | Abyss:1  | Reached XP level 1. HP: 18/18 MP: 2/2
   107 | Abyss:2  | Noticed an eye of draining
   121 | Abyss:2  | Noticed an ancient zyme
   148 | Abyss:2  | Noticed a vampire
   152 | D:1      | Escaped the Abyss
   448 | D:1      | Reached * piety under Lugonu
   476 | D:1      | Reached XP level 2. HP: 18/24 MP: 3/3
  1133 | D:2      | Reached XP level 3. HP: 28/30 MP: 4/4
  1249 | D:2      | Found a runed door.
  1310 | D:2      | Reached skill level 1 in Dodging
  1434 | D:2      | HP: 1/30 [worm (4)]
  1828 | D:2      | Reached XP level 4. HP: 19/37 MP: 5/5
  2335 | D:2      | Reached ** piety under Lugonu
  2500 | D:2      | Found a glowing silver altar of Zin.
  2937 | D:3      | Found a shimmering altar of Xom.
  2958 | D:3      | Reached XP level 5. HP: 36/42 MP: 6/6
  3317 | D:3      | Found an ancient bone altar of Kikubaaqudgha.
  3857 | D:4      | Reached XP level 6. HP: 34/49 MP: 7/7
  3883 | D:4      | Found Zasaic's Distillery.
  3886 | D:4      | Bought a potion of curing for 42 gold pieces
  3886 | D:4      | Bought a potion of heal wounds for 70 gold pieces
  3972 | D:4      | Slain by an orc priest

Vault maps used:
D:1:      saegor_arrival_under_anarchy
D:2:      overflow_temple_1_default, minmay_tromino_v2, uniq_crazy_yiuf_cottage
D:3:      nicolae_overflow_crystal_walls, lemuel_doored_altar, kennysheep_nub
D:4:      minmay_recursive_quarters, overflow_temple_1_default, serial_shops,
          nicolae_shop_temple_entry_statues_fountains, kennysheep_mini,
          sigmund_edmund_badplayer
Abyss:2:  serial_sigils_hangedman_snap

Skill      XL: |  1  2  3  4  5 |
---------------+----------------+-----
Fighting       | 4 |  4.6
Axes           | 3 |  3.5
Dodging        | 1 |  1.0
Armour         | 3 4 |  4.4
Invocations    | |  2.1

Action                   |  1- 3 |  4- 6 || total
-------------------------+-------+-------++-------
Melee: Hand axe          |    82 |       ||    82
       Spear             |    57 |   299 ||   356
Invok: Depart the Abyss  |     1 |       ||     1
 Abil: Dig               |     2 |     1 ||     3
  Eat: Chunk             |     3 |     7 ||    10
Armor: Leather armour    |    15 |       ||    15
       Ring mail         |    13 |   113 ||   126
Dodge: Dodged            |    57 |   136 ||   193

Table legend:
 A = Non-vault XP
 B = Vault XP
 C = Vault XP percentage of total XP
 D = Non-vault monster count
 E = Vault monster count
 F = Vault count percentage of total count
                 A         B        C        D         E       F
            +---------+---------+-------+---------+---------+-------
      Total |     277 |      13 |   4.5 |      58 |       1 |   1.7
            +---------+---------+-------+---------+---------+-------
        D:1 |      28 |       0 |   0.0 |      18 |       0 |   0.0
        D:2 |      60 |      13 |  17.8 |      20 |       1 |   4.8
        D:3 |     140 |       0 |   0.0 |      18 |       0 |   0.0
        D:4 |      49 |       0 |   0.0 |       2 |       0 |   0.0
            +---------+---------+-------+---------+---------+-------
